 Dungeon Crawl Stone Soup version 0.31.0-11-ge490571c62 (webtiles) character file.

Game seed: 17824921841409573237

6867 Strat the Nimble (level 11, -1/81 HPs)
             Began as a Merfolk Conjurer on Feb 1, 2024.
             Was a Believer of Hepliaklqana.
             Slain by a wolf (2 damage)
             ... while petrified by a basilisk
             ... on level 11 of the Dungeon.
             The game lasted 00:30:05 (12795 turns).

Strat the Nimble (Merfolk Conjurer)                Turns: 12795, Time: 00:30:06

Health: -1/81      AC:  7    Str: 13    XL:     11   Next: 6%
Magic:  14/14      EV:  2    Int: 18    God:    Hepliaklqana [**....]
Gold:   524        SH:  0    Dex: 17    Spells: 9/14 levels left

rFire   + . .        a - +2 dagger (venom)
rCold   . . .        (no shield)
rNeg    + + +        w - +2 robe {rF+}
rPois   ∞            (no helmet)
rElec   .            (no cloak)
rCorr   .            (no gloves)
SInv    .            E - +2 pair of boots
Will    .....        j - amulet of reflection
Stlth   +++          x - +6 ring of strength
HPRegen 0.33/turn    (no ring)
MPRegen 0.14/turn

%: reflection
@: petrified
A: reduced essence, (nimble swimmer 2), mertail
a: Renounce Religion, Recall Ancestor, Ancestor Identity


You were on level 11 of the Dungeon.
You worshipped Hepliaklqana.
Hepliaklqana was pleased with you.
You visited 2 branches of the dungeon, and saw 13 of its levels.
You also visited: Ossuary.

You collected 524 gold pieces.

Inventory:

Hand Weapons
 a - a +2 dagger of venom (weapon)
 b - a +1 short sword of electrocution
Missiles
 l - 11 javelins
 o - 6 datura-tipped darts
 s - 4 curare-tipped darts
 u - 2 throwing nets
Armour
 c - a +1 pair of boots
 p - a +0 buckler
 w - a +2 robe of fire resistance (worn)
 D - a +0 troll leather armour
 E - a +2 pair of boots (worn)
 F - +0 acid dragon scales
Jewellery
 j - an amulet of reflection (around neck)
 m - a +6 ring of intelligence
 x - a +6 ring of strength (left hand)
 C - a ring of flight
Talismans
 B - a maw talisman
Wands
 z - a wand of iceblast (4)
 G - a wand of paralysis (7)
Scrolls
 d - 5 scrolls of identify
 e - 2 scrolls of poison
 h - a scroll of noise {unknown}
 i - 3 scrolls of immolation
 r - a scroll of butterflies
 y - a scroll of vulnerability
Potions
 g - a potion of ambrosia
 k - 3 potions of curing
 n - 2 potions of might
 q - 2 potions of haste
 v - a potion of heal wounds


   Skills:
 - Level 10.0 Fighting
 - Level 10.0 Short Blades
 - Level 10.0 Dodging
 + Level 5.6 Stealth
 - Level 2.0 Spellcasting
 - Level 4.0 Conjurations
 * Level 7.4 Shapeshifting


You had 9 spell levels left.
You knew the following spells:

 Your Spells              Type           Power      Damage    Failure   Level
a - Magic Dart            Conj           64%        1d6       3%          1
b - Searing Ray           Conj           32%        2d5       4%          2
c - Blink                 Tloc           2%         N/A       26%         2

Your spell library contained the following spells:

 Spells                   Type           Power      Damage    Failure   Level
 Momentum Strike          Conj/Tloc      18%        3d8       12%         2
 Sandblast                Erth           2%         2d4       19%         1
 Stone Arrow              Conj/Erth      18%        3d8       24%         3
 Ensorcelled Hibernation  Hex/Ice        2%         N/A       26%         2
 Lesser Beckoning         Tloc           2%         N/A       26%         2
 Passwall                 Erth           1%         N/A       47%         3
 Swiftness                Air            1%         N/A       47%         3
 Tukima's Dance           Hex            1%         N/A       47%         3
 Brom's Barrelling Bould  Conj/Erth      9%         2d3       61%         4
 Fulminant Prism          Conj/Alch      4%         3d5       61%         4
 Iskenderun's Mystic Bla  Conj/Tloc      9%         2d4       61%         4
 Passage of Golubria      Tloc           1%         N/A       87%         4
 Vhi's Electric Charge    Tloc/Air       2%         N/A       87%         4
 Arcjolt                  Conj/Air       4%         1d14      91%         5
 Yara's Violent Unravell  Hex/Alch       0%         3d3       99%         5
 Maxwell's Capacitive Co  Air            0%         ∞         100%        8


Dungeon Overview and Level Annotations

Branches:
Dungeon (12/15)            Temple (1/1) D:6            Lair (0/5) D:11
    Orc (0/2) D:9         Ossuary (visited)

Altars:
Ashenzari
Cheibriados
Dithmenos
Elyvilon
Fedhas
Gozag
Hepliaklqana
Kikubaaqudgha
Makhleb
Nemelex Xobeh
Okawaru
Sif Muna
Trog
Uskayaw
Vehumet
Wu Jian
Xom
Yredelemnul
Zin
The Shining One

Shops:
D:10 [

Annotations:
D:8 Joseph
D:12 Josephine


Innate Abilities, Weirdness & Mutations

Your life essence is reduced to manifest your ancestor. (-10% HP)
((You are very nimble when in or above water. (Stealth+, EV+, Speed+++)))
Your lower body shifts to a powerful aquatic tail in water.


Message History

* * * LOW HITPOINT WARNING * * *
The basilisk bites you but does no damage.
The wolf bites you but does no damage. The water moccasin bites you.
* * * LOW HITPOINT WARNING * * *
The wolf bites you but does no damage.
Something barely misses Nolwazi.
The wolf barely misses you.
Nolwazi points at thin air and mumbles some strange words.
The wolf bites you but does no damage. The water moccasin bites you!
* * * LOW HITPOINT WARNING * * *
The basilisk bites you but does no damage.
The wolf bites you.
* * * LOW HITPOINT WARNING * * *
Something hits Nolwazi.
The wolf bites you.
* * * LOW HITPOINT WARNING * * *
The water moccasin bites you.
Nolwazi gestures next to the bush while chanting.
The wolf bites you.
* * * LOW HITPOINT WARNING * * *
The basilisk bites you!
* * * LOW HITPOINT WARNING * * *
The wolf bites you but does no damage. The water moccasin bites you.
* * * LOW HITPOINT WARNING * * *
The wolf bites you.
* * * LOW HITPOINT WARNING * * *
The wolf bites you but does no damage.
Something hits the fungus.
The fungus begins to die.
The wolf bites you.
* * * LOW HITPOINT WARNING * * *
The basilisk gazes at you. You resist with some effort.
The water moccasin completely misses you.
The wolf bites you!
* * * LOW HITPOINT WARNING * * *
Something misses Nolwazi.
The wolf bites you but does no damage.
Nolwazi hits something with a +0 dagger of draining!
Reactivating autopickup.
You feel a bit more experienced. The water moccasin bites you.
The wolf barely misses you. The basilisk bites you!
* * * LOW HITPOINT WARNING * * *
The wolf bites you.
You die...

.. #.....#
##
..P........#
#####.#
...........#
#.#
...>..P...P#
#)#
...........#
#)# .
P....R...#
#>#
...♣......#
#.#
......lh..#
#.#
...P♣h@.#
#.#
.P....S.<#
#.#
#.....##.#
#.# #....#
#.# #.#
#.### #.#
#.# # #.#
.#. # #


You could see the friendly Nolwazi the hexer, a basilisk (poisoned), a water
moccasin (ally target) and 2 wolves.

Vanquished Creatures
  Pikel (D:7)
  2 kobold demonologists (D:10)
  2 trolls
  Prince Ribbit (D:8)
  A shadow (D:10)
  2 wraiths (D:12)
  A vampire (D:12)
  3 steam dragons
  2 yaks (D:11)
  2 acid dragons
  2 water moccasins
  A black bear (D:11)
  An orc warrior (D:7)
  An ogre (D:3)
  A phantom (D:5)
  4 centaurs
  4 lemures (D:7)
  A gnoll sergeant (D:6)
  6 kobold brigands
  4 bullfrogs
  3 scorpions
  5 jellies
  2 bombardier beetles
  4 orc priests
  4 hounds
  2 sleepcaps
  Ijyb (D:5)
  6 orc wizards
  11 gnolls
  8 adders
  A shadow imp (D:7)
  2 white imps
  2 ufetubi (D:5)
  3 dart slugs
  2 ribbon worms
  35 orcs
  3 bats
  4 endoplasms
  2 giant cockroaches (D:4)
  2 gnoll zombies (Ossuary)
  5 hobgoblins
  7 quokkas
  7 ball pythons
  3 frilled lizards
  13 goblins
  3 hobgoblin zombies (Ossuary)
  26 kobolds
  A kobold zombie (Ossuary)
  5 rats
214 creatures vanquished.

Vanquished Creatures (collateral kills)
  An unseen horror (D:11)
  A kobold demonologist (D:10)
  A wyvern (D:10)
  2 wraiths (D:12)
  A yak (D:11)
  A gnoll sergeant (D:12)
  An orc wizard (D:9)
  4 orcs
  8 kobolds
20 creatures vanquished.

Vanquished Creatures (others)
  An orc priest (D:9)
  A hexer (D:12)
  An orc wizard (D:11)
  An orc (D:9)
4 creatures vanquished.

Grand Total: 238 creatures vanquished

Notes
Turn   | Place    | Note
-------+----------+-------------------------------------------
     0 | D:1      | Strat the Merfolk Conjurer began the quest for the Orb.
     0 | D:1      | Reached XP level 1. HP: 13/13 MP: 3/3
   336 | D:1      | Reached XP level 2. HP: 19/19 MP: 1/5
   512 | D:1      | Learned a level 2 spell: Searing Ray
  1098 | D:1      | Reached XP level 3. HP: 24/24 MP: 3/6
  2299 | D:3      | Noticed an ogre
  2338 | D:4      | Reached skill level 1 in Fighting
  2345 | D:4      | Reached XP level 4. HP: 32/32 MP: 2/7
  2543 | D:4      | Reached XP level 5. HP: 36/38 MP: 0/8
  3391 | D:4      | Reached XP level 6. HP: 45/47 MP: 3/9
  3444 | D:4      | Learned a level 2 spell: Blink
  3747 | D:3      | Reached skill level 5 in Dodging
  4384 | D:5      | Entered Level 5 of the Dungeon
  4456 | D:5      | Reached skill level 5 in Stealth
  4456 | D:5      | Reached XP level 7. HP: 21/53 MP: 1/10
  4703 | D:5      | Found a sand-covered staircase.
  4708 | Ossuary  | Entered an ossuary
  5176 | D:5      | Reached skill level 5 in Fighting
  5308 | D:5      | Noticed Ijyb
  5732 | D:5      | Paralysed by Ijyb for 3 turns
  5736 | D:5      | Paralysed by Ijyb for 5 turns
  5737 | D:5      | Reached XP level 8. HP: 43/65 MP: 5/11
  5746 | D:5      | Paralysed by Ijyb for 3 turns
  5754 | D:5      | Killed Ijyb
  5976 | D:6      | Reached skill level 1 in Short Blades
  6002 | D:6      | Found a staircase to the Ecumenical Temple.
  6029 | Temple   | Entered the Ecumenical Temple
  6036 | Temple   | Became a worshipper of Hepliaklqana the Forgotten
  6532 | D:6      | Found an ornate altar of the Wu Jian Council.
  6532 | D:6      | Found a hide-covered altar of Uskayaw.
  6533 | D:6      | Found a glowing silver altar of Zin.
  6533 | D:6      | Found a basalt altar of Yredelemnul.
  7223 | D:7      | Reached XP level 9. HP: 64/74 MP: 12/12
  7780 | D:7      | Reached skill level 5 in Short Blades
  8446 | D:7      | Noticed Pikel
  8580 | D:7      | Killed Pikel
  9227 | D:8      | Noticed Prince Ribbit
  9246 | D:8      | Killed Prince Ribbit
  9452 | D:8      | Noticed Joseph
  9560 | D:8      | Reached * piety under Hepliaklqana
  9667 | D:8      | Reached XP level 10. HP: 74/74 MP: 13/13
  9736 | D:8      | Reached skill level 10 in Dodging
 10113 | D:9      | Found a staircase to the Orcish Mines.
 10403 | D:9      | Reached ** piety under Hepliaklqana
 10405 | D:9      | Remembered your ancestor Nolwazi as a hexer
 10472 | D:9      | You fall into a shaft and drop 3 floors!
 10506 | D:12     | Noticed Josephine
 10566 | D:12     | Reached skill level 10 in Fighting
 10883 | D:12     | Noticed a two-headed ogre
 10914 | D:12     | Noticed a skeletal warrior
 11054 | D:12     | Noticed a skeletal warrior
 11054 | D:12     | Noticed a skeletal warrior
 11054 | D:12     | Noticed a skeletal warrior
 11287 | D:10     | Entered Level 10 of the Dungeon
 11372 | D:10     | Reached skill level 10 in Short Blades
 11514 | D:10     | Reached skill level 1 in Shapeshifting
 11808 | D:10     | Noticed a kobold demonologist
 11808 | D:10     | Noticed a kobold demonologist
 11808 | D:10     | Noticed a kobold demonologist
 11817 | D:10     | Killed a kobold demonologist
 11820 | D:10     | Noticed a sixfirhy
 11825 | D:10     | Killed a kobold demonologist
 11826 | D:10     | Reached skill level 5 in Shapeshifting
 11842 | D:10     | Killed a kobold demonologist
 12016 | D:10     | Found a snail-covered altar of Cheibriados.
 12016 | D:10     | Found Cheibriados's Comfort Zone.
 12228 | D:11     | Found a staircase to the Lair.
 12335 | D:11     | Noticed a white ugly thing
 12460 | D:11     | Reached XP level 11. HP: 39/81 MP: 14/14
 12617 | D:11     | Noticed a manticore
 12795 | D:11     | HP: 1/81 [basilisk (7)]
 12795 | D:11     | Slain by a wolf

Illustrated notes

Levels and vault maps discovered:
D:1:      dpeg_arrival_three_bigger_balls, layout_basic
D:2:      layout_loops_ring, serial_glass, glass_columns_a, glass_columns_a
D:3:      layout_basic, grunt_decor_clamped, minmay_ogre_servants
D:4:      layout_rooms, minmay_misc_feat_hallway, amethyst_killhole
D:5:      layout_gridville, enter_ossuary_2, uniq_ijyb
D:6:      layout_rooms, chequers_temple_overflow_statue_of_worship,
          minmay_temple_entry_gardened_gates
D:7:      layout_basic, uniq_pikel
D:8:      layout_loops_ring, kennysheep_generic_room_4, uniq_joseph,
          uniq_prince_ribbit1
D:9:      layout_small_grid, gammafunk_temple_overflow_elements, orc_0_dummy,
          ebering_ghost_xom
D:10:     layout_roguey, minmay_shop_chei, eino_small_chamber_without_monster
D:11:     layout_loops_ring, minmay_lair_entry_grove
D:12:     layout_basic, minmay_misc_feat_rows, uniq_josephine
Temple:   nicolae_temple_bog_church

Skill      XL: |  1  2  3  4  5  6  7  8  9 10 11 |
---------------+----------------------------------+-----
Conjurations   | 4 |  4.0
Dodging        | 3 4 5 6 7 9 10 | 10.0
Fighting       | 1 2 3 6 7 9 10 | 10.0
Stealth        | 3 4 5 |  5.6
Short Blades   | 4 7 10 | 10.0
Shapeshifting  | 6 7 |  7.4
Spellcasting   | |  2.0

Action                     |  1- 3 |  4- 6 |  7- 9 | 10-12 || total
---------------------------+-------+-------+-------+-------++-------
  Melee: Unarmed           |     5 |       |       |       ||     5
         Dagger            |    24 |    99 |   315 |   303 ||   741
         Punch             |       |     3 |     5 |     2 ||    10
   Cast: Magic Dart        |    13 |       |       |       ||    13
         Searing Ray       |    21 |    22 |    50 |     5 ||    98
 Invoke: Recall Ancestor   |       |       |       |    11 ||    11
         Ancestor Life: He |       |       |       |     1 ||     1
  Evoke: Wand              |       |       |     4 |     3 ||     7
    Use: Scroll            |       |     7 |     8 |       ||    15
         Potion            |       |       |     4 |     2 ||     6
   Stab: Sleeping          |     3 |     5 |     9 |     1 ||    18
         Distracted        |       |     2 |     1 |     1 ||     4
         Paralysed         |       |       |     3 |       ||     3
         Confused          |       |       |       |     5 ||     5
 Armour: Robe              |    14 |    40 |   187 |   144 ||   385
  Dodge: Dodged            |    14 |    67 |   225 |   148 ||   454
  Block: Other             |     3 |    18 |    78 |    28 ||   127
         Reflection        |     1 |       |     3 |     1 ||     5
